 Dungeon Crawl Stone Soup version 0.30-a0-1075-gcd70e7a56d (webtiles) character file.

Game seed: 2832058252049013491

37 lp1845 the Trooper (level 3, 33/33 HPs)
             Began as a Hill Orc Fighter on Apr 12, 2023.
             Quit the game on level 2 of the Dungeon on Apr 14, 2023.
             The game lasted 00:18:52 (1295 turns).

lp1845 the Trooper (Hill Orc Fighter)               Turns: 1295, Time: 00:18:53

Health: 33/33      AC: 12    Str: 20    XL:     3   Next: 41%
Magic:  3/3        EV:  7    Int:  8    God:
Gold:   38         SH:  4    Dex: 10    Spells: 2/2 levels left

rFire   . . .      SeeInvis .    a - +0 war axe
rCold   . . .      Faith    .    c - +0 buckler
rNeg    . . .      Spirit   .    o - +0 chain mail
rPois   .          Reflect  .    (no helmet)
rElec   .          Rampage  .    (no cloak)
rCorr   .                        h - +2 pair of gloves
Will    .....                    (no boots) Stlth
                                 (no amulet)
HPRegen 0.25/turn                (no ring)
MPRegen 0.08/turn                (no ring)

@: no status effects
A: no striking features
a: no special abilities


You were on level 2 of the Dungeon.
You visited 1 branch of the dungeon, and saw 2 of its levels.

You collected 38 gold pieces.

Inventory:

Hand Weapons
 a - a +0 war axe (weapon)
Missiles
 g - 14 stones (quivered)
Armour
 b - a +0 scale mail
 c - a +0 buckler (worn)
 h - a +2 pair of gloves (worn)
 o - a +0 chain mail (worn)
 p - a +2 pair of gloves
Jewellery
 r - a ring of magical power
Scrolls
 e - a scroll of blinking
 f - a scroll of identify
 i - a scroll of enchant armour {unknown}
 l - a scroll of enchant weapon {unknown}
 n - a scroll of poison {unknown}
 q - a scroll of immolation {unknown}
Potions
 d - a potion of might
 j - a potion of brilliance
 k - a potion of mutation {unknown}
 m - a potion of lignification {unknown}


   Skills:
 + Level 4.1 Fighting
 + Level 3.7 Axes
 + Level 3.6 Armour
 + Level 3.5 Shields


You had 2 spell levels left.
You didn't know any spells.
Your spell library was empty.

Dungeon Overview and Level Annotations

Branches:
Dungeon (2/15)

Altars:


Message History

A goblin comes into view. It is wielding a +0 dagger.
A bat comes into view.
The goblin shouts!
The dart slug launches a dart at you.
The slug dart hits you but does no damage.
There is an open door here.
You hit the dart slug.
The dart slug is heavily wounded.
The bat hits you but does no damage. The dart slug launches a dart at you.
The slug dart hits you but does no damage.
You hit the dart slug.
The dart slug is severely wounded.
The bat barely misses you. You block the bat's attack.
The dart slug bites you but does no damage.
You miss the frilled lizard. You hit the dart slug.
You kill the dart slug!
The bat hits you. The frilled lizard barely misses you.
You barely miss the frilled lizard. You hit the goblin.
The bat hits you but does no damage. You block the frilled lizard's attack.
The goblin hits you but does no damage.
You slash the frilled lizard!
You kill the frilled lizard!
You hit the goblin.
You kill the goblin!
The bat hits you but does no damage. The bat hits you.
You barely miss the bat. You block the bat's attack.
You closely miss the bat. The bat hits you but does no damage.
Found a dagger.
You block the bat's attack. The bat hits you but does no damage.
You hit the bat.
You kill the bat!
Found a smoky silvery potion.
Welcome back, lp1845 the Hill Orc Fighter.
Press ? for a list of commands and other information.
Your movement speed is average.
Your attack delay is about 1.3.
Your damage rating with your +0 war axe is about 15 (Base 11 x 125% (Str) x 114% (Skill)).
Welcome back, lp1845 the Hill Orc Fighter.
Press ? for a list of commands and other information.
Are you sure you want to abandon this character and quit the game? (Confirm with "yes".)

.# #..# .# #.. .# #..
.# #.# .# #.##########
.###########..........#
...........'..........#
############)†........#
#....@.....#
#..........#
#..........#
#..........#
#.......)..#
#..###.....# ##. ...!.#
## #.####


There were no monsters in sight!

Vanquished Creatures
  A worm (D:2)
  2 dart slugs
  2 ball pythons (D:1)
  4 bats
  2 endoplasms (D:1)
  2 giant cockroaches (D:1)
  3 goblins
  2 hobgoblins (D:1)
  5 kobolds
  3 quokkas (D:1)
  A frilled lizard (D:2)
  A rat (D:1)
28 creatures vanquished.

Notes
Turn   | Place    | Note
-------+----------+-------------------------------------------
     0 | D:1      | lp1845 the Hill Orc Fighter began the quest for the Orb.
     0 | D:1      | Reached XP level 1. HP: 19/19 MP: 1/1
   319 | D:1      | Reached XP level 2. HP: 26/27 MP: 2/2
   803 | D:1      | Reached skill level 4 in Fighting
   803 | D:1      | Reached XP level 3. HP: 31/33 MP: 3/3
  1205 | D:2      | Upgraded the game from 0.30-a0-1066-g63dfefce0d to
                  | 0.30-a0-1074-g5db6f66fbb
  1295 | D:2      | Upgraded the game from 0.30-a0-1074-g5db6f66fbb to
                  | 0.30-a0-1075-gcd70e7a56d
  1295 | D:2      | Quit the game

Illustrated notes

Levels and vault maps discovered:
D:1:      lemuel_arrival_river_passageway, layout_basic,
          nicolae_concentric_dashed_squares_mild, corner_web_ring,
          roderic_lattice_a, chequers_mini_garden, st_stairs_4,
          hangedman_decor_growths
D:2:      layout_basic, shapermc_ecumenical_altar_mp_vishouse, serial_rivers,
          chequers_serial_rivers_room_a, chequers_serial_rivers_large_b,
          chequers_serial_rivers_micro_c, chequers_serial_rivers_large_a,
          supply_closet_lemuel, minmay_randomly_rotated_circles

Skill      XL: |  1  2 |
---------------+-------+-----
Axes           | 3 |  3.7
Fighting       | 4 |  4.1
Armour         | |  3.6
Shields        | |  3.5

Action                     || total
---------------------------++-------
  Melee: War axe           ||    71
    Use: Scroll            ||     2
 Armour: Scale mail        ||    20
         Chain mail        ||    15
  Dodge: Dodged            ||    24
  Block: Buckler           ||    22

Table legend: (Time is in decaauts)
 A = Elapsed time spent in this place.
 B = Non-inter-level travel time spent in this place.
 C = Inter-level travel time spent in this place.
 D = Time resting spent in this place.
 E = Time spent auto-exploring this place.
 F = Levels seen in this place.
 G = Mean time per level.
                   A        B        C        D        E       F      G
               +--------+--------+--------+--------+--------+-----+--------+
         Total |   1327 |    837 |    490 |    121 |    364 |   2 |  663.5 |
       Dungeon |   1327 |    837 |    490 |    121 |    364 |   2 |  663.5 |
               +--------+--------+--------+--------+--------+-----+--------+

Top non-repeatable levels by time:
     D:1: 1231 daAuts
     D:2: 95 daAuts
